 Dungeon Crawl Stone Soup version 0.20-a0-433-g9e36e56 (webtiles) character file.

19 Gorice the Vexing (level 2, 0/23 HPs)
             Began as a Demonspawn Arcane Marksman on Jan 4, 2017.
             Slain by a gnoll
             ... wielding a +0 spear
              (4 damage)
             ... on level 1 of the Dungeon.
             The game lasted 00:02:13 (428 turns).

Gorice the Vexing (Demonspawn Arcane Marksman)       Turns: 428, Time: 00:02:13

Health: 0/23       AC:  4    Str: 10    XL:     2   Next: 55%
Magic:  3/3        EV: 12    Int: 14    God:
Gold:   0          SH:  0    Dex: 13    Spells: 2/3 levels left

rFire  . . .     SeeInvis .     a - +0 hand axe
rCold  . . .     Gourm    .     d - +0 robe
rNeg   . . .     Faith    .     (no shield)
rPois  .         Spirit   .     (no helmet)
rElec  .         Reflect  .     (no cloak)
rCorr  .         Harm     .     (no gloves)
MR     .....                    (no boots)
Stlth  +.........               (no amulet)
                                (no ring)
                                (no ring)

@: no status effects
A: molten scales 1
a: no special abilities


You were on level 1 of the Dungeon.
You were not hungry.

You visited 1 branch of the dungeon, and saw 1 of its levels.

Inventory:

Hand Weapons
 a - a +0 hand axe (weapon)
 i - a +0 short sword
Missiles
 c - 3 javelins
 g - 6 tomahawks (quivered)
 Y - 2 throwing nets
 Z - a stone
Armour
 d - a +0 robe (worn)
Scrolls
 e - a scroll of identify {unknown}
Books
 b - a book of Debilitation
Comestibles
 f - a bread ration {!e}
 h - 3 chunks of flesh


   Skills:
 + Level 2.4 Fighting
 + Level 2.0 Throwing
 - Level 1.7 Dodging
 - Level 1.0 Spellcasting
 - Level 3.0 Hexes


You had 2 spell levels left.
You knew the following spells:

 Your Spells              Type           Power        Failure   Level  Hunger
a - Corona                Hex            #......      10%         1    ##.....


Dungeon Overview and Level Annotations

Branches:
Dungeon (1/15)

Altars:


Innate Abilities, Weirdness & Mutations

You are partially covered in molten scales. (AC +2)


Message History

You closely miss the leopard gecko.
The leopard gecko is severely wounded.
The leopard gecko closely misses you.
You closely miss the leopard gecko.
The leopard gecko is severely wounded.
The leopard gecko closely misses you. The leopard gecko bites you.
Damage: 3 (max 3)
You hit the leopard gecko.
You kill the leopard gecko!
Your Throwing skill increases to level 2!
No target in view!
No target in view!
You see here a short sword.
You see here a leopard gecko corpse.
You butcher the leopard gecko corpse.
h - 3 chunks of flesh (gained 1)
You see here a short sword.
You see here a stone.
Z - a stone You see here a short sword.
i - a short sword A gnoll comes into view.
It is wielding a spear.
The gnoll shouts!
Throwing (i - inventory. (,) - cycle):
g - 8 tomahawks (quivered)
Press: ? - help, Shift-Dir - straight line, f - gnoll
Aim: a gnoll, wielding a spear You throw a tomahawk.
The tomahawk hits the gnoll but does no damage.
Throwing (i - inventory. (,) - cycle):
g - 7 tomahawks (quivered)
Press: ? - help, Shift-Dir - straight line, f/p - gnoll
Aim: a gnoll, wielding a spear You throw a tomahawk.
The tomahawk hits the gnoll.
The gnoll is lightly wounded.
The gnoll closely misses you. The gnoll hits you with a spear.
Damage: 5 (max 5)
You barely miss the gnoll.
The gnoll is lightly wounded.
The gnoll barely misses you.
You barely miss the gnoll.
The gnoll is lightly wounded.
The gnoll barely misses you. The gnoll hits you with a spear!
Ouch! That really hurt!
* * * LOW HITPOINT WARNING * * *
Damage: 12 (max 12)
You are too injured to fight recklessly!
You are too injured to fight recklessly!
You aren't carrying any potions.
The gnoll hits you from afar with a spear.
You die...

.###..........
...###...#### #.# ##.##
# #.# #.# # #.# #.# #
#. #g# #.##### #..###
#.#####......
#.....#####.#..........
#.@.g(.............
#########.##...####
#.##.### #.##.# #.##.#
#.##.# #.##.. #.####
#.#


You could see a gnoll.

Vanquished Creatures
  An ooze (D:1)
  2 leopard geckos (D:1)
  A bat (D:1)
  A giant cockroach (D:1)
  A goblin (D:1)
  A hobgoblin (D:1)
  A kobold (D:1)
  2 frilled lizards (D:1)
  3 rats (D:1)
13 creatures vanquished.

Notes
Turn   | Place    | Note
-------+----------+-------------------------------------------
     0 | D:1      | Gorice the Demonspawn Arcane Marksman began the quest for the Orb.
     0 | D:1      | Reached XP level 1. HP: 15/15 MP: 2/2
   114 | D:1      | Reached skill level 2 in Fighting
   155 | D:1      | Gained mutation: You are partially covered in molten scales. (AC +2) [demonic ancestry]
   155 | D:1      | Reached XP level 2. HP: 11/22 MP: 1/3
   390 | D:1      | Reached skill level 2 in Throwing
   427 | D:1      | HP: 4/23 [gnoll/spear (12)]
   428 | D:1      | Slain by a gnoll

Vault maps used:
D:1:      tarquinn_simple_flora_water_e

Skill      XL: |  1  2 |
---------------+-------+-----
Fighting       | 2 |  2.4
Throwing       | 2 |  2.0
Dodging        | |  1.7
Spellcasting   | |  1.0
Hexes          | |  3.0

Action                   || total
-------------------------++-------
Melee: Unarmed           ||    18
       Hand axe          ||    25
Throw: Javelin           ||     8
       Tomahawk          ||     5
 Cast: Corona            ||     5
Armor: Robe              ||    12
Dodge: Dodged            ||    34

Table legend:
 A = Turns spent in this place as a percentage of turns spent in the entire game.
 B = Non-inter-level travel turns spent in this place as a percentage of non-inter-level travel turns spent in the entire game.
 C = Inter-level travel turns spent in this place as a percentage of turns spent in this place.
 D = Turns resting spent in this place as a percentage of non-inter-level travel turns spent in this place.
 E = Turns spent auto-exploring this place as a percentage of non-inter-level travel turns spent in this place.
 F = Non-inter-level travel turns spent in this place divided by the number of levels of this place that you've seen.
                   A       B       C       D       E      F
               +-------+-------+-------+-------+-------+----------------------
         Total | 100.0 | 100.0 |   0.0 |   4.3 |   3.3 | 211.0
       Dungeon | 100.0 | 100.0 |   0.0 |   4.3 |   3.3 | 211.0
               +-------+-------+-------+-------+-------+----------------------

Vault maps used:
D:1:      tarquinn_simple_flora_water_e
